 Dungeon Crawl Stone Soup version bcrawl-1.12-5-g74a5124548 (webtiles) character file.

Game seed: 9770160154973450609

180 MisterOstroum the Skirmisher (level 5, -7/42 HPs)
             Began as a Demonspawn Archaeologist on June 1, 2019.
             Mangled by a wyvern zombie (9 damage)
             ... on level 3 of the Dungeon.
             The game lasted 00:07:13 (4144 turns).

MisterOstroum the Skirmisher (DsAc)                 Turns: 4144, Time: 00:07:13

Health: -7/42      AC: 15    Str: 12    XL:     5   Next: 33%
Magic:  5/5        EV: 12    Int: 16    God:
Gold:   190        SH:  0    Dex: 11    Spells: 4/4 levels left

rFire    . . .     SeeInvis .   l - +0 short sword
rCold    . . .     Gourm    .   (no shield)
rNeg     . . .     Faith    .   a - +1 robe
rPois    .         Spirit   .   b - +1 hat
rElec    .         Reflect  .   (no cloak)
rCorr    .         Harm     .   d - +1 pair of gloves
MR       .....                  j - +2 pair of boots
Stlth    ++........             (no amulet)
HPRegen  0.14/turn              n - ring of flight
MPRegen  0.09/turn              (no ring)

@: sanguine armour, studying Polearms
A: horns 2, sanguine armour 1
a: Evoke Flight


You were on level 3 of the Dungeon.
You were not hungry.

You visited 1 branch of the dungeon, and saw 3 of its levels.

You collected 190 gold pieces.

Inventory:

Hand Weapons
 l - a +0 short sword (weapon)
Armour
 a - a +1 robe (worn)
 b - a +1 hat (worn)
 d - a +1 pair of gloves (worn)
 j - a +2 pair of boots (worn)
Jewellery
 n - a ring of flight (left hand)
Scrolls
 c - 2 scrolls of identify {unknown}
 k - a scroll of teleportation {unknown}
 o - 2 scrolls of immolation {unknown}
 p - a scroll of fog {unknown}
 q - 2 scrolls of remove curse {unknown}
 s - a scroll of magic mapping {unknown}
 t - a scroll of enchant armour {unknown}
Potions
 h - a potion of haste {unknown}
 i - a potion of mutation {unknown}
 m - a potion of brilliance {unknown}
 r - a potion of might {unknown}
 v - a potion of curing {unknown}
 w - a potion of flight {unknown}
 x - 2 potions of heal wounds {unknown}
Books
 g - a manual of Polearms
Miscellaneous
 f - an ancient crate
Comestibles
 e - 4 rations {!d}
 z - 3 chunks of flesh


   Skills:
 + Level 4.3 Fighting
 + Level 3.8 Polearms
 - Level 2.6 Dodging
 - Level 3.0 Stealth


You had 4 spell levels left.
You didn't know any spells.
Your spell library contained the following spells:

 Spells                   Type           Power        Failure   Level  Hunger
 Beastly Appendage        Tmut           #.....       26%         1    ##.....
 Sticks to Snakes         Tmut           #.......     36%         2    ###....
 Spider Form              Tmut/Pois      #.........   58%         3    ####...
 Ice Form                 Ice/Tmut       #.......     94%         4    #####..
 Blade Hands              Tmut           #.........   100%        5    ######.


Dungeon Overview and Level Annotations

Branches:
Dungeon (3/12)

Altars:
Gozag
Makhleb
Okawaru


Innate Abilities, Weirdness & Mutations

You have a pair of horns on your head.
When seriously injured, your bleeding wounds create armour. (AC +6)


Message History

You hit the orc but do no damage. You headbutt the orc.
The orc is lightly wounded.
You hit the orc but do no damage.
The orc is lightly wounded.
The orc hits you but does no damage.
You barely miss the orc. You headbutt the orc.
The orc is moderately wounded.
The orc barely misses you.
You hit the orc. You headbutt the orc, but do no damage.
The orc is heavily wounded.
The orc hits you but does no damage.
You hit the orc but do no damage.
The orc is heavily wounded.
The orc hits you but does no damage.
You hit the orc.
The orc is almost dead.
The orc hits you with a +0 flail.
You hit the orc but do no damage. You headbutt the orc, but do no damage.
The orc is almost dead.
The orc closely misses you.
You hit the orc but do no damage. You headbutt the orc.
You kill the orc!
No target in view!
A kobold comes into view.
Things that are here:
a +0 flail; a +0 chain mail; an orc corpse A kobold is nearby!
The kobold shouts!
The kobold throws a stone.
The stone barely misses you.
There is an open door here.
You closely miss the kobold. The kobold barely misses you.
You barely miss the kobold. The kobold closely misses you.
You barely miss the kobold. You headbutt the kobold.
You kill the kobold!
No target in view!
No target in view!
Things that are here:
a stone; a kobold corpse
There is an open door here.
You butcher the orc corpse.
z - 7 chunks of flesh (gained 1)
Things that are here:
a +0 flail; a +0 chain mail; an orc skeleton
Things that are here:
a +0 flail; a +0 chain mail; an orc skeleton
There is an open door here.
Things that are here:
a stone; a kobold corpse Some of the chunks of flesh in your inventory have rotted away.
There is a stone staircase leading up here.
A wyvern zombie comes into view.
A wyvern zombie is nearby!
The wyvern zombie bites you!
Found a stone staircase leading down.
You hit the wyvern zombie. You headbutt the wyvern zombie.
The wyvern zombie is lightly damaged.
The wyvern zombie bites you!
Your blood congeals into armour.
The wyvern zombie bites you but does no damage.
You are too injured to fight recklessly!
You are too injured to fight recklessly!
You are too injured to fight recklessly!
You are too injured to fight recklessly!
You hit the wyvern zombie. You headbutt the wyvern zombie!
The wyvern zombie is moderately damaged.
The wyvern zombie bites you but does no damage.
You hit the wyvern zombie. Your headbutt misses the wyvern zombie.
The wyvern zombie is heavily damaged.
The wyvern zombie bites you but does no damage.
You hit the wyvern zombie.
The wyvern zombie is heavily damaged.
The wyvern zombie misses you.
The wyvern zombie bites you but does no damage.
You hit the wyvern zombie.
The wyvern zombie is heavily damaged.
The wyvern zombie barely misses you.
You hit the wyvern zombie but do no damage.
The wyvern zombie is heavily damaged.
The wyvern zombie bites you but does no damage.
The wyvern zombie closely misses you.
You hit the wyvern zombie but do no damage.
The wyvern zombie is heavily damaged.
The wyvern zombie bites you but does no damage.
You hit the wyvern zombie.
The wyvern zombie is heavily damaged.
The wyvern zombie closely misses you.
You hit the wyvern zombie. You headbutt the wyvern zombie.
The wyvern zombie is severely damaged.
The wyvern zombie bites you!
* * * LOW HITPOINT WARNING * * *
The wyvern zombie misses you.
You hit the wyvern zombie.
You headbutt the wyvern zombie, but do no damage.
The wyvern zombie is severely damaged.
The wyvern zombie barely misses you.
You barely miss the wyvern zombie.
The wyvern zombie is severely damaged.
The wyvern zombie bites you.
* * * LOW HITPOINT WARNING * * *
The wyvern zombie bites you!
You die...

#..#### ### #..# #
#.+ #..# ## #.+
#..# #. # #.#
#..###. #.#.#
#...... #.##.#.#
#...... #>...Z.#
######......
#@#####...........
#.................
#######..<........
#...........
#.##########
#........
#........
#........
#........


You could see a wyvern zombie.

Vanquished Creatures
  A crimson imp (D:2)
  A centaur zombie (D:3)
  Robin (D:2)
  An adder (D:3)
  An ooze (D:1)
  4 worms (D:2)
  2 dart slugs
  2 orcs (D:3)
  5 giant cockroaches
  9 goblins (D:2)
  11 hobgoblins
  6 jackals
  12 kobolds
  2 quokkas
  A ball python (D:2)
  3 bats
  4 frilled lizards
  3 rats
69 creatures vanquished.

Notes
Turn   | Place    | Note
-------+----------+-------------------------------------------
     0 | D:1      | MisterOstroum the Demonspawn Archaeologist began the quest
                  | for the Orb.
     0 | D:1      | Reached XP level 1. HP: 15/15 MP: 1/1
   206 | D:1      | Reached skill level 2 in Fighting
   213 | D:1      | Gained mutation: When seriously injured, your bleeding
                  | wounds create armour. (AC +6) [demonic ancestry]
   213 | D:1      | Reached XP level 2. HP: 10/22 MP: 2/2
  1152 | D:2      | Found an iron altar of Okawaru.
  1564 | D:2      | Reached skill level 3 in Fighting
  1564 | D:2      | Gained mutation: You have a pair of small horns on your
                  | head. [demonic ancestry]
  1564 | D:2      | Reached XP level 3. HP: 18/29 MP: 3/3
  1892 | D:2      | Found an opulent altar of Gozag.
  2130 | D:2      | Reached skill level 1 in Polearms
  2925 | D:2      | Gained mutation: You have a pair of horns on your head.
                  | [demonic ancestry]
  2925 | D:2      | Reached XP level 4. HP: 25/37 MP: 4/4
  3141 | D:2      | Noticed Robin
  3169 | D:2      | Killed Robin
  3602 | D:3      | Reached skill level 4 in Fighting
  3632 | D:3      | Reached XP level 5. HP: 38/42 MP: 5/5
  3720 | D:3      | Noticed an ogre
  3986 | D:3      | Found a burning altar of Makhleb.
  4144 | D:3      | HP: 2/42 [wyvern zombie (6)]
  4144 | D:3      | Mangled by a wyvern zombie

Skill      XL: |  1  2  3  4 |
---------------+-------------+-----
Fighting       | 2 3 4 |  4.3
Polearms       | 2 3 |  3.8
Dodging        | |  2.6
Stealth        | |  3.0

Action                   |  1- 3 |  4- 6 || total
-------------------------+-------+-------++-------
Melee: Dagger            |    30 |       ||    30
       Unarmed           |    10 |       ||    10
       Club              |     7 |       ||     7
       Short sword       |   240 |   132 ||   372
       Headbutt          |    21 |    21 ||    42
Throw: Stone             |    79 |     1 ||    80
 Stab: Sleeping          |     3 |     4 ||     7
  Eat: Chunk             |     6 |     5 ||    11
Armor: Robe              |   105 |    52 ||   157
Dodge: Dodged            |   167 |    89 ||   256
